 Dungeon Crawl Stone Soup version 0.23-a0-164-g7711e57 (webtiles) character file.

114 mhoghedin the Skirmisher (level 5, -2/33 HPs)
             Began as a Kobold Fighter on Sept 9, 2018.
             Was an Initiate of Makhleb.
             Killed by divine providence
             ... invoked by an orc priest
              (12 damage)
             ... on level 3 of the Dungeon.
             The game lasted 00:02:49 (1628 turns).

mhoghedin the Skirmisher (Kobold Fighter)           Turns: 1628, Time: 00:02:49

Health: -2/33      AC:  2    Str: 15    XL:     5   Next: 18%
Magic:  5/5        EV: 12    Int:  9    God:    Makhleb [......]
Gold:   141        SH:  9    Dex: 14    Spells: 4/4 levels left

rFire    . . .     SeeInvis .   o - +2 short sword (speed)
rCold    . . .     Gourm    .   c - +0 shield
rNeg     . . .     Faith    .   h - +0 robe (curse)
rPois    .         Spirit   .   (no helmet)
rElec    .         Reflect  .   (no cloak)
rCorr    .         Harm     .   (no gloves)
MR       .....                  (no boots)
Stlth    +.........             (no amulet)
HPRegen  0.11/turn              (no ring)
MPRegen  0.09/turn              (no ring)

@: no status effects
A: small, carnivore
a: Renounce Religion


You were on level 3 of the Dungeon.
You worshipped Makhleb.
Makhleb was noncommittal.
You were not hungry.

You visited 1 branch of the dungeon, and saw 3 of its levels.

You collected 141 gold pieces.

Inventory:

Hand Weapons
 a - a +0 rapier
 o - a +2 short sword of speed (weapon)
   (You took it off a kobold on level 2 of the Dungeon)
Missiles
 g - 5 steel tomahawks (quivered)
 l - 2 curare-tipped needles
 m - 7 tomahawks
Armour
 b - a +0 scale mail
 c - a +0 shield (worn)
 h - a cursed +0 robe (worn)
   (You found it on level 1 of the Dungeon)
 r - a +0 pair of gloves
   (You found it on level 2 of the Dungeon)
Scrolls
 i - 4 scrolls of teleportation
 k - a scroll of amnesia
 p - 2 scrolls of remove curse {unknown}
 q - 2 scrolls of identify
 s - a scroll of enchant weapon {unknown}
 t - a scroll of fog {unknown}
Potions
 d - 3 potions of might
 e - a potion of magic {unknown}
 j - a potion of curing {unknown}
 n - a potion of lignification {unknown}
Comestibles
 f - 5 rations


   Skills:
 + Level 4.0 Fighting
 + Level 3.8 Short Blades
 + Level 2.9 Armour
 + Level 2.1 Dodging
 + Level 2.9 Shields


You had 4 spell levels left.
You didn't know any spells.
Your spell library was empty.

Dungeon Overview and Level Annotations

Branches:
Dungeon (3/15)

Altars:
Cheibriados
Makhleb
Wu Jian


Innate Abilities, Weirdness & Mutations

You are small and have problems with some larger weapons.
You are carnivorous and can eat meat at any time.


Message History

q - 2 scrolls of identify (gained 1)
A kobold comes into view. It is wielding an enchanted dagger.
The kobold shouts!
A kobold is nearby!
You hit the kobold.
You kill the kobold!
Makhleb accepts your kill.
A giant cockroach comes into view.
You see here an enchanted dagger.
You block the giant cockroach's attack.
You hit the giant cockroach. The giant cockroach bites you.
You take 1 damage, and have 28/29 hp.
You barely miss the giant cockroach. The giant cockroach closely misses you.
You hit the giant cockroach.
You kill the giant cockroach!
Makhleb accepts your kill.
A goblin comes into view. It is wielding a dagger.
Health restored: 29 A goblin is nearby!
The goblin shouts!
You hear a shout! x2
An orc comes into view. It is wielding a flail.
The orc shouts!
An orc wizard comes into view. It is wielding a dagger.
An orc and an orc wizard come into view.
The goblin hits you but does no damage.
The orc wizard moves out of view.
You barely miss the goblin.
The orc shouts!
You hear a shout!
An orc comes into view. It is wielding a flail.
The goblin hits you but does no damage.
You closely miss the goblin. You hit the goblin.
You kill the goblin!
Makhleb accepts your kill.
The orc wizard gestures wildly while chanting.
The orc wizard flickers and vanishes!
Deactivating autopickup; reactivate with Ctrl-A.
An orc comes into view. It is wielding a war axe.
You puncture the orc!
You kill the orc!
Makhleb accepts your kill.
Items here: )) ? †† a flail; a dagger; a scroll labeled HUCLOYPAWU; an orc corpse; a goblin corpse The orc hits you.
You hit the orc but do no damage. You hit the orc. You block the orc's attack.
You hit the orc.
You kill the orc!
Makhleb accepts your kill. The orc hits you with a flail.
You hit the orc. You puncture the orc!
You kill the orc!
Makhleb accepts your kill.
You hear some strange, mumbled words.
Something tries to affect you, but you resist.
You hit the orc. Something hits you but does no damage.
You hit the orc.
You kill the orc!
Makhleb accepts your kill.
You take 7 damage, and have 22/29 hp.
MASSIVE DAMAGE!!
You hit something but do no damage. You block something's attack.
You hit the orc wizard but do no damage.
The orc wizard hits you but does no damage.
You hear some strange, mumbled words.
A puff of flame appears from out of thin air!
The puff of flame hits you!
You take 5 damage, and have 17/29 hp.
You are too injured to fight recklessly!
You are too injured to fight recklessly!
You are too injured to fight recklessly!
You hit the orc wizard. You barely miss the orc wizard.
You block the orc wizard's attack. Something hits you.
An orc priest comes into view. It is wielding a falchion.
You take 2 damage, and have 15/29 hp.
You hit the orc wizard but do no damage.
You block the orc wizard's attack. Something hits you.
The orc priest looks encouraged for a moment.
You take 1 damage, and have 14/29 hp.
Your shield prevents you from hitting the orc wizard.
You hit the orc wizard.
The orc wizard gestures at you while chanting.
The puff of frost hits you! Something hits you but does no damage.
You take 6 damage, and have 9/29 hp.
MASSIVE DAMAGE!!
You hit the orc wizard but do no damage.
The orc wizard barely misses you. Something hits you but does no damage.
You miss the orc wizard. You hit the orc wizard.
You kill the orc wizard!
Makhleb accepts your kill.
Your Fighting skill increases to level 4!
Your Dodging skill increases to level 2!
You have reached level 5!
You feel stronger. Something hits you but does no damage.
The orc priest calls down the wrath of Beogh upon you.
Beogh smites you!
You die...

### # .. # .. ########
#o #....... #. #.######
##.##########...####
#.){................
#..@# ####.#.#### #..)#
#####...# ## #...#
#.......# #.
#####...#####)###...# #.
..........†...##..#.###.
...............[........
..............#####..##.
#####...#####.........#.
#...# #######...#.


You could see an orc priest.

Vanquished Creatures
  An orc wizard (D:3)
  A bullfrog skeleton (D:2)
  A worm (D:2)
  2 dart slugs
  A leopard gecko (D:2)
  4 orcs (D:3)
  9 bats
  3 giant cockroaches
  3 hobgoblins
  A frilled lizard (D:2)
  9 goblins
  5 kobolds
  7 rats
47 creatures vanquished.

Notes
Turn   | Place    | Note
-------+----------+-------------------------------------------
     0 | D:1      | mhoghedin the Kobold Fighter began the quest for the Orb.
     0 | D:1      | Reached XP level 1. HP: 14/14 MP: 1/1
   107 | D:1      | Reached XP level 2. HP: 16/19 MP: 2/2
   236 | D:1      | Reached skill level 3 in Short Blades
   344 | D:1      | Reached skill level 1 in Dodging
   528 | D:1      | Reached XP level 3. HP: 23/23 MP: 3/3
   802 | D:2      | HP: 5/23 [bullfrog skeleton (2)]
   803 | D:2      | HP: 1/23 [bullfrog skeleton (4)]
   804 | D:2      | Reached XP level 4. HP: 2/29 MP: 4/4
  1127 | D:2      | Found a burning altar of Makhleb.
  1163 | D:2      | Became a worshipper of Makhleb the Destroyer
  1220 | D:2      | Found a snail-covered altar of Cheibriados.
  1473 | D:3      | Found an ornate altar of the Wu Jian Council.
  1628 | D:3      | Reached skill level 4 in Fighting
  1628 | D:3      | Reached skill level 2 in Dodging
  1628 | D:3      | Reached XP level 5. HP: 10/33 MP: 5/5
  1628 | D:3      | Killed from afar by an orc priest

Vault maps used:
D:1:      eino_arrival_cavern_c
D:2:      cheibriados_altar_1, lemuel_crystal_altar, first_ration,
          minmay_liquid_box
D:3:      lemuel_doored_altar, uniq_natasha

Skill      XL: |  1  2  3  4 |
---------------+-------------+-----
Short Blades   | 3 |  3.8
Dodging        | 1 2 |  2.1
Fighting       | 4 |  4.0
Armour         | |  2.9
Shields        | |  2.9

Action                   |  1- 3 |  4- 6 || total
-------------------------+-------+-------++-------
Melee: Rapier            |    69 |    11 ||    80
       Short sword       |       |    56 ||    56
  Use: Scroll            |     3 |       ||     3
 Stab: Sleeping          |     1 |     1 ||     2
  Eat: Chunk             |     2 |     4 ||     6
Armor: Scale mail        |    23 |       ||    23
       Robe              |     9 |     7 ||    16
Dodge: Dodged            |    35 |    17 ||    52
Block: Shield            |    32 |    16 ||    48

Table legend:
 A = Non-vault XP
 B = Vault XP
 C = Vault XP percentage of total XP
 D = Non-vault monster count
 E = Vault monster count
 F = Vault count percentage of total count
                 A         B        C        D         E       F
            +---------+---------+-------+---------+---------+-------
      Total |     163 |       0 |   0.0 |      47 |       0 |   0.0
            +---------+---------+-------+---------+---------+-------
        D:1 |      31 |       0 |   0.0 |      19 |       0 |   0.0
        D:2 |      72 |       0 |   0.0 |      18 |       0 |   0.0
        D:3 |      60 |       0 |   0.0 |      10 |       0 |   0.0
            +---------+---------+-------+---------+---------+-------

Vault maps used:
D:1:      eino_arrival_cavern_c
D:2:      cheibriados_altar_1, lemuel_crystal_altar, first_ration,
          minmay_liquid_box
D:3:      lemuel_doored_altar, uniq_natasha

Table legend:
 A = Turns spent in this place as a percentage of turns spent in the entire game.
 B = Non-inter-level travel turns spent in this place as a percentage of non-inter-level travel turns spent in the entire game.
 C = Inter-level travel turns spent in this place as a percentage of turns spent in this place.
 D = Turns resting spent in this place as a percentage of non-inter-level travel turns spent in this place.
 E = Turns spent auto-exploring this place as a percentage of non-inter-level travel turns spent in this place.
 F = Non-inter-level travel turns spent in this place divided by the number of levels of this place that you've seen.
                   A       B       C       D       E      F
               +-------+-------+-------+-------+-------+----------------------
         Total | 100.0 | 100.0 |   3.6 |  18.7 |  58.2 | 523.3
       Dungeon | 100.0 | 100.0 |   3.6 |  18.7 |  58.2 | 523.3
               +-------+-------+-------+-------+-------+----------------------

Table legend:
 A = Kills in this place as a percentage of kills in entire the game.
 B = Kills by you in this place as a percentage of kills by you in the entire game.
 C = Kills by friends in this place as a percentage of kills by friends in the entire game.
 D = Other kills in this place as a percentage of other kills in the entire game.
 E = Experience gained in this place as a percentage of experience gained in the entire game.
 F = Experience gained in this place divided by the number of levels of this place that you have seen.
                   A       B       C       D       E      F
               +-------+-------+-------+-------+-------+----------------------
         Total | 100.0 | 100.0 |   N/A |   N/A | 100.0 |  54.3
       Dungeon | 100.0 | 100.0 |   N/A |   N/A | 100.0 |  54.3
               +-------+-------+-------+-------+-------+----------------------
